 Dungeon Crawl Stone Soup version 0.31-a0-174-g85c54bcb58 (webtiles) character file.

Game seed: 9284665477057337090

15 Moral the Trooper (level 2, -3/24 HPs)
             Began as a Human Fighter on June 15, 2023.
             Succumbed to a kobold's poison
             ... on level 1 of the Dungeon.
             The game lasted 00:01:48 (1038 turns).

Moral the Trooper (Human Fighter)                   Turns: 1038, Time: 00:01:48

Health: -3/24      AC:  6    Str: 16    XL:     2   Next: 65%
Magic:  2/2        EV:  8    Int:  8    God:
Gold:   36         SH:  4    Dex: 12    Spells: 1/1 levels left

rFire   . . .        a - +0 flail
rCold   . . .        c - +0 buckler
rNeg    . . .        b - +0 scale mail
rPois   .            (no helmet)
rElec   .            (no cloak)
rCorr   .            (no gloves)
SInv    .            (no boots)
Will    +....        (no amulet) Stlth
                     j - ring of willpower
HPRegen 0.24/turn    (no ring)
MPRegen 0.08/turn

%: no passive effects
@: lethally poisoned (-3 -> -19)
A: no striking features
a: no special abilities


You were on level 1 of the Dungeon.
You visited 1 branch of the dungeon, and saw 2 of its levels.

You collected 36 gold pieces.

Inventory:

Hand Weapons
 a - a +0 flail (weapon)
Armour
 b - a +0 scale mail (worn)
 c - a +0 buckler (worn)
Jewellery
 j - a ring of willpower (left hand)
Scrolls
 h - a scroll of teleportation {unknown}
 i - a scroll of fear {unknown}
Potions
 d - a potion of might
 e - a potion of curing {unknown}


   Skills:
 * Level 3.2 Fighting
 * Level 2.4 Maces & Flails
 + Level 3.1 Armour
 + Level 3.1 Shields


You had one spell level left.
You didn't know any spells.
Your spell library was empty.

Dungeon Overview and Level Annotations

Branches:
Dungeon (2/15)

Altars:


Message History

There is a stone staircase leading down here.
You start resting.
HP restored.
You start waiting.
Done waiting.
Your +3 dagger of protection goes still.
a - a +0 flail (weapon)
You drop a +3 dagger of protection.
You climb downwards.
The endoplasm barely misses you. The endoplasm freezes you.
You are frozen.
The kobold barely misses you.
There is a stone staircase leading up here.
You hit the worm.
The worm is moderately wounded.
The worm bites you but does no damage. The endoplasm freezes you.
You are frozen.
The kobold barely misses you.
You sock the worm!
The worm is severely wounded.
The kobold hits you but does no damage.
You are poisoned.
The endoplasm freezes you.
You are frozen.
The worm bites you. You block the endoplasm's attack.
The kobold hits you but does no damage.
You are lethally poisoned!
You feel very sick. You block the worm's attack.
The kobold hits you with a +1 dagger of venom.
* * * LOW HITPOINT WARNING * * *
You are more poisoned.
The endoplasm hits you but does no damage.
You climb upwards.
* * * LOW HITPOINT WARNING * * *
You feel extremely sick.
There is a stone staircase leading down here.
You see here a +3 dagger of protection.
As you read the scroll labelled ONUON FUTEORO, it crumbles to dust.
The creatures around you are filled with an inner flame!
It was a scroll of immolation.
You die...

.........#.#.#...........#....#
#######......#...÷...÷÷..####.#
####...#.8..8.8..8.# #.#
########..#...........# #.#
#.........#...........# #.#
#.....##..#♣♣♣♣...♣♣♣♣# #.###
#.....##..# ♣♣♣♣♣ #....
#.........####♣♣♣♣♣###########
#.....##...wJ@K...............
#...........##################
#.....#....## #..÷.##.#.##
#....'..#.# ####....####.#
.............# ##############


You could see a worm (inner flame), an endoplasm (inner flame) and a kobold
(inner flame).

Vanquished Creatures
  A dart slug (D:1)
  2 ball pythons
  An endoplasm (D:2)
  A giant cockroach (D:1)
  2 hobgoblins
  2 bats (D:1)
  A frilled lizard (D:1)
  2 goblins (D:1)
  A kobold (D:2)
13 creatures vanquished.

Notes
Turn   | Place    | Note
-------+----------+-------------------------------------------
     0 | D:1      | Moral the Human Fighter began the quest for the Orb.
     0 | D:1      | Reached XP level 1. HP: 18/18 MP: 1/1
   438 | D:1      | Reached XP level 2. HP: 24/24 MP: 2/2
   812 | D:2      | Found a faded altar of an unknown god.
  1037 | D:1      | HP: 1/24 [poisoned by a kobold]
  1038 | D:1      | Succumbed to a kobold's poison

Illustrated notes

Levels and vault maps discovered:
D:1:      giann_forest_graveyard, layout_basic, palyth_stone_intersect
D:2:      layout_basic, shapermc_ecumenical_altar_mp_highgroup,
          minmay_box_of_dots

Action                     || total
---------------------------++-------
  Melee: Flail             ||    14
         Dagger            ||    41
    Use: Scroll            ||     1
 Armour: Scale mail        ||    39
  Dodge: Dodged            ||    16
  Block: Buckler           ||    20

Table legend: (Time is in decaauts)
 A = Elapsed time spent in this place.
 B = Non-inter-level travel time spent in this place.
 C = Inter-level travel time spent in this place.
 D = Time resting spent in this place.
 E = Time spent auto-exploring this place.
 F = Levels seen in this place.
 G = Mean time per level.
                   A        B        C        D        E       F      G
               +--------+--------+--------+--------+--------+-----+--------+
         Total |   1043 |   1043 |      0 |    129 |    735 |   2 |  521.5 |
       Dungeon |   1043 |   1043 |      0 |    129 |    735 |   2 |  521.5 |
               +--------+--------+--------+--------+--------+-----+--------+

Top non-repeatable levels by time:
     D:1: 933 daAuts
     D:2: 110 daAuts
